 Dungeon Crawl Stone Soup version 0.18-a0-1576-g2b87869 (webtiles) character file.

113 Oddball22 the Ruffian (level 4, -1/44 HPs)
             Began as a Troll Fighter on Mar 17, 2016.
             Succumbed to an adder's poison
             ... on level 3 of the Dungeon.
             The game lasted 00:02:38 (1343 turns).

Oddball22 the Ruffian (Troll Fighter)               Turns: 1343, Time: 00:02:38

Health: -1/44      AC:  5    Str: 29    XL:     4   Next: 65%
Magic:  3/3        EV:  8    Int:  4    God:
Gold:   100        SH:  9    Dex: 10    Spells: 0 memorised, 3 levels left

rFire  . . .     SeeInvis .       - Unarmed
rCold  . . .     Gourm    +     a - +0 robe
rNeg   . . .     Faith    .     b - +0 shield
rPois  .         Spirit   .     (helmet restricted)
rElec  .         Dismiss  .     (no cloak)
rCorr  .         Reflect  .     (gloves unavailable)
SustAt .         Harm     .     (boots unavailable)
MR     .....                    (no amulet)
Stlth  +.........               (no ring)
                                (no ring)

@: mighty, lethally poisoned (-1 -> -10), slowed, very slow, not resistant to
hostile enchantments, very unstealthy
A: unfitting armour, claws 3, fast metabolism 3, gourmand, regeneration 2,
shaggy fur 1, tough skin 2
a: no special abilities


You were on level 3 of the Dungeon.
You were very full.

You visited 1 branch of the dungeon, and saw 3 of its levels.

You collected 100 gold pieces.

Inventory:

Missiles
 f - 6 javelins (quivered)
Armour
 a - a +0 robe (worn)
 b - a +0 shield (worn)
Scrolls
 e - 2 scrolls of teleportation {unknown}
 h - a scroll of enchant weapon {unknown}
 i - a scroll of identify {unknown}
 n - a scroll of amnesia {unknown}
 o - a scroll of remove curse {unknown}
 q - a scroll of magic mapping {unknown}
Potions
 g - a potion of curing {unknown}
 k - a potion of flight {unknown}
 p - a potion of mutation {unknown}
Comestibles
 d - 2 bread rations
 l - a slice of pizza


   Skills:
 + Level 2.9 Fighting
 + Level 2.8 Dodging
 + Level 2.7 Shields
 * Level 3.7 Unarmed Combat


You had 3 spell levels left.
You didn't know any spells.

Dungeon Overview and Level Annotations

Branches:
Dungeon (3/15)

Altars:


Innate Abilities, Weirdness & Mutations

You are too large for most types of armour.
You have claws for hands.
Your metabolism is lightning-fast.
You like to eat raw meat.
You heal very quickly.
You are covered in fur (AC +1).
You have very tough skin (AC +2).


Message History

The orc completely misses you. The adder bites you but does no damage.
You claw the adder!
You kill the adder!
You feel very sick. You block the kobold's attack.
The ball python bites you but does no damage.
The hobgoblin closely misses you. The orc hits you.
You block the kobold's attack.
The orc priest calls down the wrath of Beogh upon you.
Beogh smites you!
* * * LOW HITPOINT WARNING * * *
The ball python bites you but does no damage.
* * * LOW HITPOINT WARNING * * *
You feel sick. The kobold hits you but does no damage.
The orc priest invokes the aid of Beogh against you.
Pain shoots through your body!
* * * LOW HITPOINT WARNING * * *
The hobgoblin closely misses you.
The ball python bites you but does no damage.
You die...

.#..............
#..../...........
............$....
#..#....<........
#................
#.#...o.........
#...#SKg<.......
...#....##..#####
.......@.....)#
.#..###o#..##.#
## #.##...... #.#
#...... ..# ....
. ..# .... ..# ..
####


You could see an orc priest, an orc, a hobgoblin, a ball python and a kobold.

Vanquished Creatures
  Ijyb (D:3)
  An adder (D:3)
  4 gnolls (D:2)
  A dart slug (D:2)
  3 orcs (D:3)
  A giant cockroach (D:1)
  3 hobgoblins
  7 jackals
  2 bats
  4 giant newts
  4 goblins
  4 kobolds
  3 rats
38 creatures vanquished.

Notes
Turn   | Place    | Note
--------------------------------------------------------------
     0 | D:1      | Oddball22 the Troll Fighter began the quest for the Orb.
     0 | D:1      | Reached XP level 1. HP: 22/22 MP: 0/0
    60 | D:1      | You fall through a shaft!
   361 | D:2      | Reached XP level 2. HP: 29/29 MP: 1/1
   367 | D:2      | Reached XP level 3. HP: 21/36 MP: 2/2
   372 | D:2      | Reached skill level 3 in Unarmed Combat
   966 | D:1      | Reached XP level 4. HP: 44/44 MP: 3/3
  1329 | D:3      | Noticed Ijyb
  1338 | D:3      | Killed Ijyb
  1342 | D:3      | HP: 2/44 [poisoned by an adder]
  1343 | D:3      | Succumbed to an adder's poison

Vault maps used:
D:1:      dpeg_arrival_more_subterranean_lakeside_camping
D:3:      xom_redecorated, first_bread, lemuel_altar_in_water2, uniq_iyjb,
          uniq_sigmund

Skill      XL: |  1  2  3 |
---------------+----------+-----
Unarmed Combat | 3 |  3.7
Fighting       | |  2.9
Dodging        | |  2.8
Shields        | |  2.7

Action                   |  1- 3 |  4- 6 || total
-------------------------+-------+-------++-------
Melee: Unarmed           |    90 |    26 ||   116
  Use: Potion            |       |     3 ||     3
 Stab: Sleeping          |     1 |       ||     1
  Eat: Chunk             |    10 |     7 ||    17
